Map: Pillars of Gold LE

Players

Serral - Winner!

  • Race: Zerg Zerg
  • League: Grandmaster
  • Spawn Location: 7:00

SouLeer

  • Race: Zerg Zerg
  • League: Master
  • Spawn Location: 1:00

Event: DreamHack SC2 Masters 2020 Winter

VOD

Have the link to the VOD?

Description

Time

  • Played on: Oct. 24, 2020, 11:29 a.m.
  • Length: 10:06

All games in this series

Show
View Real Time Build Order
Export as new Build Order

Serral Zerg - Winner!

Build Orders: Hatch First, Zergling Baneling 

Get SALT Encoding   

  12  0:00  Drone  
  13  0:12  Overlord  
  13  0:17  Drone  
  14  0:30  Drone x2  
  16  0:48  Drone  
  17  0:54  Hatchery  
  17  0:55  Drone  
  17  0:59  Drone  
  18  1:08  Extractor  
  17  1:14  Spawning Pool  
  17  1:17  Drone  
  17  1:20  Drone  
  18  1:28  Drone  
  19  1:39  Drone  
  20  1:49  Overlord  
  20  2:01  Queen  
  22  2:06  Queen  
  22  2:07  Zergling x4  
  26  2:08  Metabolic Boost  
  26  2:12  Drone  
  27  2:18  Drone  
  28  2:24  Drone  
  29  2:30  Zergling x2  
  30  2:40  Hatchery, Zergling x2  
  30  2:43  Drone  
  31  2:46  Drone  
  32  2:53  Baneling Nest  
  32  2:57  Drone  
  32  3:00  Overlord  
  32  3:03  Drone  
  33  3:06  Drone  
  33  3:09  Drone  
  33  3:10  Drone  
  36  3:19  Zergling x6  
  39  3:24  Zergling x4  
  39  3:26  Zergling x2  
  42  3:29  Overlord  
  42  3:32  Zergling x2  
  43  3:36  Baneling x2  
  43  3:41  Evolution Chamber  
  43  3:43  Zergling x2  
  43  3:44  Zergling x2  
  43  3:46  Baneling x2  
  43  3:47  Zergling x2  
  44  3:49  Zergling x2  
  44  3:52  Zergling x2  
  44  3:55  Zergling x4  
  48  4:04  Drone  
  48  4:07  Drone  
  49  4:12  Drone x2  
  49  4:14  Drone x2  
  49  4:15  Zerg Missile Weapons Level 1  
  52  4:18  Drone x2, Baneling  
  52  4:20  Drone  
  55  4:24  Baneling  
  55  4:31  Queen  
  55  4:36  Baneling x2  
  57  4:38  Overlord  
  57  4:42  Overlord  
  56  4:54  Drone  
  56  4:56  Roach Warren  
  56  4:57  Drone  
  56  4:58  Drone x2  
  60  5:00  Drone x3  
  59  5:10  Overlord  
  59  5:12  Extractor  
  59  5:13  Drone x2, Extractor  
  58  5:15  Zergling x4  
  58  5:20  Zergling x2  
  54  5:24  Zergling x6  
  54  5:25  Baneling x2, Zergling x2  
  57  5:31  Queen  
  57  5:32  Zergling x2  
  59  5:44  Overlord  
  59  5:45  Drone  
  59  5:48  Roach x7  
  74  5:56  Overlord  
  74  5:58  Roach x3  
  76  6:12  Drone x8  
  76  6:14  Drone x2  
  76  6:18  Lair  
  86  6:19  Ravager  
  85  6:28  Drone x3, Extractor  
  87  6:34  Overlord  
  87  6:35  Zerg Ground Armor Level 1  
  87  6:36  Drone x2  
  87  6:37  Drone  
  89  6:45  Drone  
  89  6:47  Drone x2  
  89  6:49  Overlord  
  90  6:58  Drone x3  
  90  6:59  Drone x5  
  97  7:04  Pneumatized Carapace, Extractor  
  97  7:05  Roach x3  
  97  7:06  Extractor  
  100  7:14  Drone x2, Overlord  
  100  7:15  Roach  
  104  7:17  Overseer, Glial Reconstitution  
  104  7:19  Overlord  
  104  7:20  Overlord  
  106  7:23  Roach  
  106  7:24  Roach  
  108  7:30  Roach  
  108  7:31  Roach  
  108  7:35  Overlord x2  
  112  7:37  Roach x3  
  112  7:39  Drone  
  119  7:45  Roach  
  119  7:46  Roach x2  
  119  7:48  Overlord x2  
  125  7:52  Roach x2  
  125  7:58  Roach x4  
  135  8:02  Ravager x3  
  135  8:05  Overlord  
  140  8:06  Roach x2  
  140  8:12  Roach x3  
  150  8:19  Overlord  
  150  8:23  Hatchery  
  150  8:27  Roach x5  
  150  8:31  Roach  
  150  8:32  Roach, Overseer  
  164  8:36  Overlord  
  164  8:38  Roach x3  
  164  8:39  Ravager x2  
  172  8:42  Roach  
  172  8:43  Roach  
  176  8:54  Roach x5  
  186  8:59  Roach x3  
  182  9:12  Roach x8  
  182  9:16  Roach  
  186  9:24  Roach  
  186  9:25  Roach  
  186  9:28  Ravager x2  
  192  9:32  Roach  
  192  9:35  Overlord  
  192  9:36  Hatchery  
  192  9:38  Overlord  
  193  9:42  Ravager  
Show
View Real Time Build Order
Export as new Build Order

SouLeer Zerg 

Build Orders: Hatch First 

Get SALT Encoding   

  12  0:00  Drone  
  13  0:12  Overlord  
  13  0:17  Drone  
  14  0:31  Drone x2  
  16  0:50  Hatchery  
  16  0:53  Drone  
  17  0:57  Drone  
  17  1:00  Drone  
  18  1:10  Extractor  
  17  1:17  Spawning Pool  
  16  1:20  Drone  
  16  1:24  Drone  
  18  1:29  Drone  
  19  1:39  Overlord  
  19  2:03  Queen  
  19  2:04  Queen, Zergling x4  
  19  2:06  Zergling x2  
  26  2:12  Metabolic Boost  
  26  2:17  Drone  
  26  2:20  Drone  
  28  2:23  Drone  
  28  2:25  Drone  
  30  2:33  Drone  
  30  2:35  Drone  
  32  2:50  Hatchery  
  31  2:54  Drone  
  31  2:57  Drone x2  
  34  3:05  Drone x2  
  35  3:13  Baneling Nest, Overlord  
  35  3:16  Zergling x2  
  35  3:22  Extractor x2, Zergling x4  
  37  3:30  Overlord  
  37  3:32  Zergling x6  
  40  3:37  Zergling x2  
  40  3:40  Zergling x2  
  42  3:48  Zergling x2  
  42  3:49  Zergling x10  
  42  3:54  Zergling x2  
  49  3:57  Baneling x2  
  49  3:58  Zergling x2  
  49  4:02  Zergling x2  
  51  4:04  Zergling x2  
  51  4:07  Zergling x2  
  47  4:11  Zergling x2  
  50  4:20  Baneling x2  
  50  4:21  Drone x3  
  52  4:29  Drone x2  
  52  4:36  Overlord  
  51  4:39  Hatchery  
  51  4:41  Overlord  
  51  4:42  Drone x2  
  52  4:48  Overlord  
  52  4:54  Drone x5  
  56  5:02  Roach Warren  
  52  5:07  Drone x3  
  52  5:12  Drone x2  
  56  5:21  Zergling x4  
  52  5:25  Extractor x2, Zergling x2  
  52  5:27  Overlord  
  50  5:29  Zergling x8  
  50  5:30  Zergling x2  
  55  5:38  Overlord  
  55  5:42  Roach  
  57  5:44  Queen  
  57  5:45  Roach  
  57  5:46  Baneling, Roach  
  57  5:47  Baneling x3  
  63  5:51  Roach  
  69  5:57  Roach x3  
  69  5:59  Roach  
  69  6:03  Roach  
  74  6:08  Roach x2  
  76  6:18  Drone x4  
  78  6:25  Evolution Chamber, Drone x3  
  76  6:29  Drone  
  78  6:33  Roach x2  
  78  6:39  Drone x4  
  82  6:47  Drone x3  
  82  6:48  Drone  
  82  6:51  Lair  
  86  6:56  Zerg Missile Weapons Level 1  
  83  7:02  Extractor, Overlord  
  83  7:04  Overlord  
  83  7:07  Roach x2  
  83  7:08  Roach  
  88  7:12  Extractor  
  88  7:13  Drone  
  90  7:16  Roach x2  
  90  7:20  Roach  
  90  7:21  Roach  
  98  7:25  Roach x3  
  98  7:27  Overlord  
  98  7:28  Roach  
  104  7:31  Overlord  
  104  7:33  Roach  
  104  7:36  Roach  
  104  7:37  Roach  
  110  7:40  Roach  
  110  7:41  Roach  
  114  7:45  Roach x3  
  114  7:50  Overlord  
  120  7:53  Glial Reconstitution  
  120  7:55  Roach x2  
  124  8:02  Roach x3  
  130  8:05  Overlord  
  130  8:07  Overlord  
  130  8:19  Roach x2  
  130  8:20  Overlord  
  130  8:24  Roach x4  
  138  8:29  Ravager  
  138  8:30  Ravager  
  138  8:31  Roach x2  
  144  8:37  Overlord  
  144  8:38  Roach  
  146  8:42  Extractor  
  146  8:43  Drone x4  
  146  8:45  Roach x2  
  153  8:48  Overlord  
  153  8:50  Ravager  
  158  9:02  Roach  
  158  9:03  Roach  
  158  9:06  Roach  
  140  9:12  Roach x3  
  140  9:16  Roach x2  
  122  9:18  Roach  
  122  9:22  Roach  
  122  9:23  Roach  
  124  9:25  Roach  
  124  9:26  Roach x2  
  124  9:29  Roach x2  
  132  9:34  Ravager x4  
  132  9:36  Roach  
  138  9:40  Roach x2  
  138  9:43  Roach  
  146  9:47  Ravager  
Tags
 
Add a new tag
Caveats
  • Supply blocks, unpowered buildings, or Contaminate may cause inaccurate times.
  • Supply counts are checked every 10 seconds.